 Dungeon Crawl Stone Soup version 0.31-a0-149-g3fdcc5976a (webtiles) character file.

Game seed: 7710638695275582167

23108 Anon1729 the Fighter (level 12, -9/168 HPs)
             Began as a Minotaur Monk on June 7, 2023.
             Was a Follower of Uskayaw.
             Killed from afar by Frances (27 damage)
             ... with a shard of ice
             ... on level 12 of the Dungeon.
             The game lasted 00:11:07 (12137 turns).

Anon1729 the Fighter (Minotaur Monk)               Turns: 12137, Time: 00:11:07

Health: -9/168     AC: 30    Str: 22    XL:     12   Next: 68%
Magic:  14/18      EV:  2    Int:  7    God:    Uskayaw [*.....]
Gold:   852        SH:  0    Dex: 18    Spells: 11/11 levels left

rFire   . . .        u - +2 dagger (venom)
rCold   . . .        d - orb {light}
rNeg    . . .        z - melded +0 chain mail
rPois   +            N - melded +3 hat of Pondering {ponderous, Will+ MP+10 Int+5}
rElec   .            y - melded +0 cloak
rCorr   .            r - melded +0 pair of gloves
SInv    .            (boots currently unavailable)
Will    .....        (no amulet)
Stlth   +            f - +4 ring of protection
HPRegen 0.48/turn    J - +6 ring of strength
MPRegen 0.16/turn

%: no passive effects
@: tree-form, glowing
A: stationary, stasis, torment immunity, boosted hp, (horns 2), (retaliatory
headbutt)
a: Renounce Religion, Stomp


You were on level 12 of the Dungeon.
You worshipped Uskayaw.
Uskayaw was aware of your devotion.
You were a tree.
You visited 1 branch of the dungeon, and saw 12 of its levels.
You also visited: Sewer.

You collected 912 gold pieces.
You spent 60 gold pieces at shops.

Inventory:

Hand Weapons
 a - a +0 short sword
 p - a +1 short sword of draining
 t - the +2 long sword "Fyorgh" {venom, Will- rCorr Int+5 SInv}
   (You found it in a sewer)

   Int:       It affects your intelligence (+5).
   SInv:      It lets you see invisible.
   rCorr:     It protects you from acid and corrosion.
   Will:      It decreases your willpower.
 u - a +2 dagger of venom (weapon)
 E - the +6 falchion of Scorn {freeze, Str+4}
   (You found it on level 5 of the Dungeon)

   Str:       It affects your strength (+4).
 F - the +6 sling "Loirphuih" {speed, Will+}
   (You found it on level 5 of the Dungeon)

   Will:      It increases your willpower.
Missiles
 w - 43 poisoned darts
Armour
 b - a +0 robe
 d - an orb of light (worn)
 r - a +0 pair of gloves (melded)
 y - a +0 cloak (melded)
 z - a +0 chain mail (melded)
 N - the +3 hat of Pondering (melded) {ponderous, Will+ MP+10 Int+5}
   (You took it off Gastronok on level 8 of the Dungeon)

   Int:       It affects your intelligence (+5).
   MP:        It affects your magic capacity (+10).
   Will:      It increases your willpower.
Jewellery
 f - a +4 ring of protection (left branch)
 v - a ring of fire
 J - a +6 ring of strength (right branch)
 O - a ring of wizardry
Wands
 j - a wand of digging (6)
 I - a wand of flame (45)
 M - a wand of polymorph (3)
Scrolls
 h - 2 scrolls of noise
 i - 4 scrolls of amnesia
 l - 2 scrolls of fog
 q - 3 scrolls of immolation
 x - 5 scrolls of magic mapping
 A - a scroll of vulnerability
 C - a scroll of blinking
 D - 2 scrolls of teleportation
 G - 5 scrolls of poison
 K - 3 scrolls of fear
 P - a scroll of enchant weapon
 S - 2 scrolls of enchant armour {unknown}
 V - 3 scrolls of identify
Potions
 g - 2 potions of magic {unknown}
 k - 2 potions of heal wounds {unknown}
 m - 2 potions of might
 n - 6 potions of curing
 o - 3 potions of resistance {unknown}
 s - a potion of mutation {unknown}
 B - 2 potions of attraction {unknown}
 H - 2 potions of haste {unknown}
 L - a potion of cancellation {unknown}
 Q - a potion of enlightenment {unknown}
 R - a potion of invisibility {unknown}
 T - a potion of brilliance {unknown}
 U - a potion of berserk rage


   Skills:
 + Level 12.2 Fighting
 + Level 11.2 Short Blades
 + Level 11.4 Armour
 + Level 11.2 Dodging
 + Level 9.7 Invocations


You had 11 spell levels left.
You didn't know any spells.
Your spell library contained the following spells:

 Spells                   Type           Power      Damage    Failure   Level
 Ensorcelled Hibernation  Hex/Ice        0%         N/A       56%         2
 Passwall                 Tmut/Erth      0%         N/A       56%         2
 Static Discharge         Conj/Air       0%         2-2/arc   56%         2
 Ignite Poison            Fire/Tmut/Pois 0%         N/A       80%         3
 Swiftness                Air            0%         N/A       80%         3
 Airstrike                Air            0%         2d(0-16)  99%         4
 Sticky Flame             Conj/Fire      0%         2d3       99%         4
 Freezing Cloud           Conj/Ice/Air   0%         6-21      100%        5
 Silence                  Hex/Air        0%         N/A       100%        5
 Ignition                 Fire           0%         3d3       100%        8


Dungeon Overview and Level Annotations

Branches:
Dungeon (12/15)            Temple (0/1) D:5            Lair (0/5) D:10
    Orc (0/2) D:11          Sewer (visited)

Altars:
Fedhas
Gozag
Makhleb
Nemelex Xobeh
Okawaru
Qazlal
Trog
Uskayaw
Zin
The Shining One

Shops:
D:9 (?

Annotations:
D:12 Frances


Innate Abilities, Weirdness & Mutations

You are a tree.
Your roots penetrate the ground, keeping you stationary.
You cannot be teleported.
You are immune to unholy pain and torment.
Your maximum health is greatly increased.
Your equipment is partially melded.
((You have a pair of horns on your head.))
((You reflexively headbutt those who attack you in melee.))


Message History

You are too injured to fight recklessly!
You are too injured to fight recklessly!
You are too injured to fight recklessly!
You are too injured to fight recklessly!
You are too injured to fight recklessly!
You are too injured to fight recklessly!
You are too injured to fight recklessly!
You hit Nergalle but do no damage.
Nergalle is almost dead.
You feel better. Nergalle hits you but does no damage.
Frances screams a word of power!
The entropic shot misses you.
You barely miss Nergalle.
Nergalle is almost dead.
You kill Nergalle!
Frances hits you with a +0 battleaxe.
Aiming: Line Pass
Press: ? - help, Dir - move target Frances appears confused.
Found 6 atropa-tipped darts.
You can no longer pass through a line of other dancers.
Frances closely misses you.
You hit Frances but do no damage.
Frances is poisoned.
You catch the helpless Frances completely off-guard!
You impale Frances!!
Frances is lightly wounded.
Frances seems less confused.
Frances hits you with a +0 battleaxe!!
* * * LOW HITPOINT WARNING * * *
You feel better. Frances hits you with a +0 battleaxe!!
* * * LOW HITPOINT WARNING * * *
Really quaff the potion of lignification?
You turn into a tree.
Your +0 cloak melds into your body.
The +3 hat of Pondering {ponderous, Will+ MP+10 Int+5} melds into your body.
Your +0 pair of gloves melds into your body.
Your +0 chain mail melds into your body.
That put a bit of spring back into your step.
You feel your magic capacity decrease.
Your roots penetrate the ground.
Frances hits you but does no damage.
Frances screams a word of power!
The shard of ice hits you!!
You die...

..########.###.## ..
####............ ...
#...............
....#...............
....#.....##.###....
........##.# ....
##......##.. ...
..###..@.)##... ##
(......♣.......#
..........#....#
............. .
...............
......####.....
...... ...... ......
.... ...... ..##


You could see Frances (fast, poisoned).

Vanquished Creatures
  Gastronok (D:8)
  Josephine (D:11)
  A death knight (D:10)
  A boulder beetle (D:10)
  A two-headed ogre (D:11)
  Nergalle (D:12)
  Pikel (D:4)
  A necromancer (D:11)
  A manticore (D:11)
  7 centaur zombies (D:11)
  2 gargoyles
  8 centaur skeletons (D:11)
  2 kobold demonologists (D:12)
  An unseen horror (D:12)
  2 trolls
  A meliai zombie (D:11)
  4 flying skulls (D:11)
  Sigmund (D:2)
  8 yaks
  2 shadows (D:11)
  3 wyverns
  9 wraiths
  7 vampire mosquitoes (D:11)
  2 two-headed ogre zombies (D:11)
  An acid dragon (D:9)
  2 water moccasins
  Pargi (Sewer)
  8 orc warriors
  Duvessa (D:7)
  A sky beast (D:6)
  2 black bears
  An ogre (D:6)
  A boggart (D:10)
  3 centaurs
  3 lemures (D:4)
  4 kobold brigands
  2 phantoms (D:11)
  5 scorpions
  Dowan (D:7)
  25 wights
  A troll zombie (D:11)
  18 killer bees
  6 howler monkeys
  8 orc priests
  A gnoll bouda (D:6)
  A jelly (D:7)
  3 hounds
  2 iguanas
  3 sleepcaps
  10 orc wizards
  5 ogre zombies (D:11)
  A howler monkey skeleton (D:11)
  6 adders
  11 gnolls
  2 shadow imps
  2 white imps
  A worm (D:3)
  5 dart slugs
  39 orcs
  5 ball pythons
  7 bats
  8 endoplasms
  5 giant cockroaches
  3 goblins
  8 hobgoblins
  26 kobolds
  5 quokkas
  9 frilled lizards
  2 goblin zombies (D:11)
  3 hobgoblin skeletons (D:11)
  4 hobgoblin zombies (D:11)
  2 orc skeletons (D:11)
  14 orc zombies (D:11)
  8 rats
363 creatures vanquished.

Notes
Turn   | Place    | Note
-------+----------+-------------------------------------------
     0 | D:1      | Anon1729 the Minotaur Monk began the quest for the Orb.
     0 | D:1      | Reached XP level 1. HP: 19/19 MP: 0/0
    85 | D:1      | Reached XP level 2. HP: 27/27 MP: 1/1
   221 | D:1      | Reached skill level 4 in Fighting
   637 | D:2      | Reached XP level 3. HP: 33/33 MP: 2/2
   648 | D:2      | Noticed Sigmund
   665 | D:2      | Killed Sigmund
   666 | D:2      | Reached skill level 1 in Invocations
   666 | D:2      | Reached XP level 4. HP: 16/41 MP: 2/4
   666 | D:2      | Reached XP level 5. HP: 18/47 MP: 2/5
  1629 | D:3      | Found a faded altar of an unknown god.
  1804 | D:3      | Found a glowing drain.
  1820 | Sewer    | Entered a sewer
  1830 | Sewer    | Identified the +2 long sword "Fyorgh" {venom, Will- rCorr
                  | Int+5 SInv}
  1846 | Sewer    | Noticed Pargi
  1854 | Sewer    | Killed Pargi
  1855 | Sewer    | Reached skill level 5 in Fighting
  1855 | Sewer    | Reached XP level 6. HP: 51/56 MP: 6/6
  2295 | D:3      | Found a hide-covered altar of Uskayaw.
  2397 | D:3      | Became a worshipper of Uskayaw the Reveller
  2397 | D:3      | Reached * piety under Uskayaw
  2563 | D:3      | Reached ** piety under Uskayaw
  2734 | D:4      | Noticed Pikel
  2743 | D:4      | Reached *** piety under Uskayaw
  2746 | D:4      | Reached **** piety under Uskayaw
  2747 | D:4      | Killed Pikel
  2748 | D:4      | Reached skill level 6 in Fighting
  2748 | D:4      | Reached skill level 5 in Short Blades
  2748 | D:4      | Reached skill level 5 in Dodging
  2748 | D:4      | Reached XP level 7. HP: 28/63 MP: 8/8
  2748 | D:4      | Reached XP level 8. HP: 31/70 MP: 9/9
  3322 | D:5      | Entered Level 5 of the Dungeon
  3322 | D:5      | Found a blossoming altar of Fedhas.
  3346 | D:5      | Found a staircase to the Ecumenical Temple.
  3398 | D:5      | Identified the +6 falchion of Scorn {freeze, Str+4}
  3825 | D:5      | Identified the +6 sling "Loirphuih" {speed, Will+}
  3847 | D:5      | Reached skill level 5 in Armour
  4079 | D:5      | Found a glowing golden altar of the Shining One.
  4325 | D:6      | Found a stormy altar of Qazlal.
  4346 | D:6      | Reached skill level 7 in Fighting
  4777 | D:6      | Reached skill level 5 in Invocations
  4777 | D:6      | Reached XP level 9. HP: 66/79 MP: 11/11
  5017 | D:6      | Reached ***** piety under Uskayaw
  5028 | D:6      | Reached ****** piety under Uskayaw
  5286 | D:7      | Noticed Duvessa
  5286 | D:7      | Noticed Dowan
  5293 | D:7      | Killed Duvessa
  5302 | D:7      | Killed Dowan
  5494 | D:7      | Reached skill level 8 in Fighting
  6444 | D:8      | Noticed Gastronok
  6468 | D:8      | Killed Gastronok
  6469 | D:8      | Reached skill level 9 in Fighting
  6469 | D:8      | Reached XP level 10. HP: 34/91 MP: 9/13
  6779 | D:8      | Found a sparkling altar of Nemelex Xobeh.
  7704 | D:9      | Found a glowing silver altar of Zin.
  8225 | D:9      | Got the Compilation of Clouds
  8248 | D:9      | Found Poepleet's Magic Scroll Shop.
  8333 | D:9      | Bought a scroll of fear for 60 gold pieces
  8527 | D:9      | Reached XP level 11. HP: 91/98 MP: 15/15
  8533 | D:9      | Reached skill level 10 in Fighting
  8678 | D:9      | Found Xaimp's Antique Weapon Shop.
  8702 | D:9      | Found an opulent altar of Gozag.
  8910 | D:10     | Entered Level 10 of the Dungeon
  9093 | D:10     | Found a burning altar of Makhleb.
  9584 | D:10     | Noticed a boulder beetle
  9589 | D:10     | Noticed a death knight
  9602 | D:10     | Killed a death knight
  9736 | D:10     | Killed a boulder beetle
  9822 | D:10     | Found a staircase to the Lair.
 10115 | D:10     | Found a bloodstained altar of Trog.
 10115 | D:10     | Found an iron altar of Okawaru.
 10313 | D:11     | Noticed a necromancer
 10315 | D:11     | Noticed Josephine
 10334 | D:11     | Reached skill level 10 in Armour
 10334 | D:11     | Reached skill level 10 in Dodging
 10339 | D:11     | Reached skill level 10 in Short Blades
 10342 | D:11     | Killed Josephine
 10343 | D:11     | Reached skill level 11 in Fighting
 10801 | D:11     | Reached XP level 12. HP: 103/110 MP: 17/17
 10877 | D:11     | Identified the +1 war axe "Qierchuf" {flame, Fragile rF+
                  | rC+}
 11128 | D:11     | Noticed a two-headed ogre
 11141 | D:11     | Killed a two-headed ogre
 11142 | D:11     | Found a staircase to the Orcish Mines.
 11598 | D:11     | Reached skill level 12 in Fighting
 11835 | D:11     | Found a stormy altar of Qazlal.
 12115 | D:12     | Noticed Nergalle
 12118 | D:12     | Noticed Frances
 12132 | D:12     | Killed Nergalle
 12137 | D:12     | Killed from afar by Frances

Illustrated notes

Levels and vault maps discovered:
D:1:      dpeg_arrival_more_subterranean_lakeside_camping, layout_loops_ring,
          minmay_lizard_pond
D:2:      layout_basic, uniq_sigmund
D:3:      cheibrodos_thug_alley, layout_rooms, mainiacjoe_overflow_alcove_2,
          cheibrodos_sewer_entry_drain, hellmonk_ecumenical_altar_blasted
D:4:      layout_rooms, uniq_pikel
D:5:      layout_loops_ring, tso_altar, fedhas_altar_1, minmay_temple_entry_tees
D:6:      layout_basic, mainiacjoe_overflow_concentric_impassable
D:7:      layout_loops_ring, hangedman_decor_growths, uniq_duvessa
D:8:      layout_gridville, lemuel_tele_altar, chequers_serial_rivers_small_3,
          minivault_11, uniq_gastronok
D:9:      layout_loops_ring, nicolae_overflow_hidden_temple,
          overflow_temple_1_default, serial_shops, shop, nicolae_shop_crystal
D:10:     minmay_chambers_of_sixes, layout_grid_maze,
          grunt_temple_overflow_bloody_war, mainiacjoe_overflow_catwalk,
          lair_entry_dummy
D:11:     hangedman_screamer, layout_rooms, zombieorc2_lemuel,
          nicolae_qazlal_scattered_showers
D:12:     layout_basic, lightli_fourway_metalbox, uniq_frances, uniq_lodul,
          uniq_azrael, uniq_nergalle, uniq_josephine

Skill      XL: |  1  2  3  4  5  6  7  8  9 10 11 12 |
---------------+-------------------------------------+-----
Fighting       | 4 5 6 7 9 11 12 | 12.2
Short Blades   | 4 5 6 8 9 10 11 | 11.2
Armour         | 2 4 5 7 8 10 11 | 11.4
Dodging        | 4 5 6 8 9 10 11 | 11.2
Invocations    | 1 2 3 5 6 7 8 9 |  9.7

Action                     |  1- 3 |  4- 6 |  7- 9 | 10-12 || total
---------------------------+-------+-------+-------+-------++-------
  Melee: Short sword       |    61 |    62 |       |       ||   123
         Headbutt          |    14 |    32 |   102 |   277 ||   425
         Dagger            |       |    67 |   321 |   789 ||  1177
 Invoke: Stomp             |       |       |     1 |     2 ||     3
         Grand Finale      |       |       |       |     2 ||     2
         Line Pass         |       |       |       |     1 ||     1
  Evoke: Wand              |       |       |       |     1 ||     1
    Use: Potion            |       |       |     1 |     5 ||     6
         Scroll            |       |       |       |    11 ||    11
   Stab: Paralysed         |       |     1 |    13 |    63 ||    77
         Confused          |       |       |       |     1 ||     1
 Armour: Robe              |     7 |    26 |       |       ||    33
         Chain mail        |       |    25 |   119 |   317 ||   461
         Skin              |       |       |     9 |     1 ||    10
  Dodge: Dodged            |    32 |    87 |   117 |   421 ||   657

Table legend: (Time is in decaauts)
 A = Elapsed time spent in this place.
 B = Non-inter-level travel time spent in this place.
 C = Inter-level travel time spent in this place.
 D = Time resting spent in this place.
 E = Time spent auto-exploring this place.
 F = Levels seen in this place.
 G = Mean time per level.
                   A        B        C        D        E       F      G
               +--------+--------+--------+--------+--------+-----+--------+
         Total |  11914 |  11493 |    421 |    988 |   8650 |  13 |  916.5 |
       Dungeon |  11728 |  11307 |    421 |    988 |   8546 |  12 |  977.3 |
         Sewer |    186 |    186 |      0 |      0 |    104 |   1 |  186.0 |
               +--------+--------+--------+--------+--------+-----+--------+

Top non-repeatable levels by time:
    D:10: 1880 daAuts
     D:8: 1516 daAuts
     D:6: 1292 daAuts
     D:9: 1070 daAuts
    D:11: 989 daAuts
     D:2: 982 daAuts
     D:3: 920 daAuts
     D:5: 866 daAuts
     D:7: 808 daAuts
     D:1: 619 daAuts
     D:4: 579 daAuts
    D:12: 202 daAuts
   Sewer: 186 daAuts
